 Dungeon Crawl Stone Soup version 0.19.5 (webtiles) character file.

114 sveltemanboy the Sneak (level 4, 0/23 HPs)
             Began as a Vine Stalker Wanderer on Mar 11, 2017.
             Slain by Meamyr's ghost (2 damage)
             ... on level 3 of the Dungeon.
             The game lasted 00:04:51 (1773 turns).

sveltemanboy the Sneak (Vine Stalker Wanderer)      Turns: 1773, Time: 00:04:52

Health: 0/23       AC:  4    Str: 18    XL:     4   Next: 97%
Magic:  0/5        EV: 12    Int: 10    God:
Gold:   165        SH:  0    Dex: 13    Spells: 0 memorised, 3 levels left

rFire  . . .     SeeInvis +     b - +0 hand crossbow
rCold  . . .     Gourm    .     e - +0 robe
rNeg   . . .     Faith    .     (no shield)
rPois  .         Spirit   +     k - +1 helmet
rElec  .         Reflect  .     (no cloak)
rCorr  .         Harm     .     (no gloves)
MR     .....                    (no boots)
Stlth  ++........               (no amulet)
                                (no ring)
                                q - ring of see invisible

@: no status effects
A: fangs 2, regeneration 1, magic shield, antimagic bite, no device heal 3, rot
immunity
a: no special abilities


You were on level 3 of the Dungeon.
You were not hungry.

You visited 1 branch of the dungeon, and saw 3 of its levels.

You collected 165 gold pieces.

Inventory:

Hand Weapons
 a - a +0 whip of venom
 b - a +0 hand crossbow (weapon)
Missiles
 c - 12 bolts (quivered)
Armour
 e - a +0 robe (worn)
 k - a +1 helmet (worn)
Jewellery
 q - a ring of see invisible (left hand)
Scrolls
 f - 2 scrolls of recharging {unknown}
 h - a scroll of immolation {unknown}
 i - 4 scrolls of identify {unknown}
 m - a scroll of remove curse {unknown}
 n - a scroll of enchant weapon {unknown}
 s - a scroll of amnesia {unknown}
Potions
 d - 2 potions of lignification
 j - a potion of cancellation {unknown}
 l - 2 potions of invisibility {unknown}
 o - a potion of curing {unknown}
 t - 2 potions of agility {unknown}
Comestibles
 g - a bread ration
 p - a meat ration
 r - a chunk of flesh


   Skills:
 - Level 2.6 Fighting
   Level 2.8(3.0) Axes
 * Level 1.4(2.3) Maces & Flails
 - Level 1.3 Crossbows
 - Level 2.0 Armour
 + Level 1.4 Dodging
 - Level 3.6 Stealth


You had 3 spell levels left.
You didn't know any spells.

Dungeon Overview and Level Annotations

Branches:
Dungeon (3/15)

Altars:

Annotations:
D:3 Meamyr's ghost, novice GrEE


Innate Abilities, Weirdness & Mutations

You have extremely sharp teeth.
Your natural rate of healing is unusually fast.
When hurt, damage is shared between your health and your magic reserves.
Your bite disrupts and absorbs the magic of your enemies.
Potions and wands cannot restore your health.
You are immune to rotting.


Message History

You shoot a bolt. The bolt closely misses Meamyr's ghost.
Meamyr's ghost hits you. Meamyr's ghost misses you.
Firing (i - inventory):
c - 14 bolts (quivered)
Press: ? - help, Shift-Dir - straight line, f/p - Meamyr's ghost
Aim: Meamyr's ghost (water)
You shoot a bolt. The bolt closely misses Meamyr's ghost.
Meamyr's ghost casts a spell at you. The rocky blast hits you!
* * * LOW HITPOINT WARNING * * *
You are too injured to fight recklessly!
You are too injured to fight recklessly!
Unknown command.
You are too injured to fight recklessly!
Firing (i - inventory):
c - 13 bolts (quivered)
Press: ? - help, Shift-Dir - straight line, f/p - Meamyr's ghost
Aim: Meamyr's ghost (water)
You shoot a bolt.
The bolt completely misses Meamyr's ghost.
Meamyr's ghost hits you.
You die...

.≈≈≈≈≈(..≈≈≈≈≈?..
#≈≈≈#≈..≈≈≈≈≈#.(
≈ #≈≈≈≈?≈#≈≈≈≈≈≈.
≈≈#w≈≈...(≈≈≈≈≈≈.
≈≈≈≈≈≈...
....≈≈≈≈≈≈≈......
##...≈≈.≈≈.......
..#.#..##.......
#...# .......
.... .....%.


You could see Meamyr's ghost, 4 dart slugs and a kobold.

Vanquished Creatures
  3 adders (D:2)
  2 oozes (D:1)
  2 worms (D:2)
  7 dart slugs
  A leopard gecko (D:1)
  3 giant cockroaches
  6 goblins
  9 hobgoblins
  3 jackals (D:1)
  2 quokkas (D:2)
  2 ball pythons
  4 bats
  A frilled lizard (D:1)
  8 kobolds
  5 rats
58 creatures vanquished.

Notes
Turn   | Place    | Note
-------+----------+-------------------------------------------
     0 | D:1      | sveltemanboy the Vine Stalker Wanderer began the quest for the Orb.
     0 | D:1      | sveltemanboy set off with: a +2 hand axe, a +0 hand crossbow, 26 bolts, a potion of lignification, a +0 robe, a +0 dagger, a bread ration
     0 | D:1      | Reached XP level 1. HP: 11/11 MP: 2/2
   108 | D:1      | Reached skill level 1 in Crossbows
   108 | D:1      | Reached XP level 2. HP: 7/16 MP: 3/3
   409 | D:1      | Reached XP level 3. HP: 16/19 MP: 4/4
  1041 | D:2      | Gained mutation: Your natural rate of healing is unusually fast. [Vine Stalker growth]
  1041 | D:2      | Reached XP level 4. HP: 11/23 MP: 3/5
  1297 | D:2      | Reached skill level 1 in Dodging
  1415 | D:2      | Reached skill level 1 in Maces & Flails
  1459 | D:3      | Noticed Meamyr's ghost (novice GrEE)
  1773 | D:3      | Slain by Meamyr's ghost

Skill      XL: |  1  2  3  4 |
---------------+-------------+-----
Axes           | 2 |  2.8
Crossbows      | 1 |  1.3
Armour         | 2 |  2.0
Dodging        | 1 |  1.4
Maces & Flails | 1 |  1.4
Fighting       | |  2.6
Stealth        | |  3.6

Action                   |  1- 3 |  4- 6 || total
-------------------------+-------+-------++-------
Melee: Hand axe          |    52 |       ||    52
       Bite              |    16 |    24 ||    40
       Whip              |    11 |    60 ||    71
 Fire: Hand crossbow     |     1 |    15 ||    16
 Stab: Sleeping          |     7 |     2 ||     9
  Eat: Chunk             |       |     3 ||     3
Armor: Robe              |    19 |    29 ||    48
Dodge: Dodged            |    30 |    55 ||    85
